[Event "Israeli Championship 2022"]
[Site "Yosiah Arad"]
[Date "2022.12.05"]
[Round "1.10"]
[White "Ben-Menachem, Itzhak"]
[Black "Gorshtein, Ido"]
[Result "0-1"]
[ECO "A88"]
[WhiteElo "2291"]
[BlackElo "2469"]
[Annotator "TA"]
[PlyCount "108"]
[EventDate "2022.12.05"]
[EventType "swiss"]
[EventCountry "ISR"]
[SourceTitle "playchess.com"]
[Source "ChessBase"]
[SourceQuality "1"]
[TimeControl "40/5400+30:1800+30"]

1. d4 f5 2. g3 Nf6 3. Bg2 g6 4. c4 Bg7 5. Nf3 O-O 6. O-O d6 7. Nc3 c6 $1 {[%emt 0:00:03][%mdl 4] outshines the older 7...Qe8.} 8. Qb3 Na6 9. Bf4 {[%emt 0:00:38] A88: Dutch Defence: Leningrad System: 5 Nf3 0-0 6 0-0 d6 7 Nc3 c6.} Nh5 10. c5+ Kh8 11. cxd6 {[%emt 0:00:20] White is slightly better.} exd6 {[%emt 0:02:56] [#]} 12. Bd2 $146 (12. Bg5 $5 Qd7 13. e4 $14) ({Predecessor:} 12. Bg5 Qe8 13. Qa3 h6 14. Bd2 Qd8 15. Rad1 g5 16. Bc1 Nc7 17. Rfe1 f4 18. Ne4 {½-½ (56) Bellahcene,B (2522)-Soham,D (2383) Baden-Baden 2021}) 12... Nc7 13. e3 Nf6 14. Rac1 Qe7 15. Ne1 Rb8 16. Qc2 Bd7 17. Nd3 Ne4 18. Rfd1 Rbe8 19. Be1 g5 20. a4 a6 21. b4 (21. Qb3 $11) 21... b5 {[%emt 0:03:03] Black is more active.} (21... Be6 $17) 22. axb5 axb5 23. Ra1 Ra8 24. Rxa8 Rxa8 25. Nxe4 fxe4 26. Nc1 d5 27. Nb3 Ne8 28. Ra1 (28. Nc5 $11) 28... Rxa1 $17 29. Nxa1 Nd6 30. Qa2 Bg4 (30... g4 $17) 31. Nb3 Qd7 32. Nc5 Qc8 33. Qa7 h6 34. Bc3 Nc4 35. Bf1 Kh7 36. Bg2 Nd6 37. Bf1 Kg6 38. Bg2 ({Better is} 38. h3 $1 $11 Bf3 39. Qe7) 38... Bf6 (38... h5 $15) 39. Bf1 (39. h3 $1 $11 {is more appropriate.} Bf3 40. g4) 39... h5 $15 40. h3 Bxh3 (40... Bf5 $1 $15) 41. Bxh3 $11 Qxh3 42. Qc7 Nf5 {[%emt 0:00:00] [#] ...h4 is the strong threat.} 43. Nd7 {[%emt 0:00:00] Nf8+ would kill now.} (43. Qxc6 $2 {perishes.} Nxg3 44. Qe8+ Kg7 45. fxg3 Qxg3+ 46. Kh1 Qh3+ 47. Kg1 Qxe3+ 48. Kh2 Qf2+ 49. Kh1 Qf3+ 50. Kh2 Qf4+ 51. Kh1 Qf3+ 52. Kh2 Qxc3 $19) 43... Ne7 44. Qd6 Qf5 45. Ne5+ Kh6 46. Nxc6 Nxc6 (46... Ng6 $5 ) 47. Qxc6 {[%emt 0:00:00][%mdl 4096] Endgame KQB-KQB} h4 {[%emt 0:00:00] Hoping for ...h3.} 48. Qxb5 hxg3 49. Qf1 (49. Be1 $1 $11 {and White stays safe.}) 49... Qg4 $19 50. Bd2 Kg6 {[%emt 0:03:08] White must now prevent ...gxf2+.} 51. b5 (51. fxg3 {was called for.} Qxg3+ 52. Qg2) 51... g2 $2 (51... gxf2+ $19 52. Kxf2 Qf3+ 53. Kg1 Bd8) 52. Qxg2 $11 Qd1+ 53. Qf1 Qxd2 54. Qb1 $2 {[%emt 0:00:03][%mdl 8192] [#]} (54. b6 $11 Qb4 55. Qa6) 54... g4 {[%emt 0:00:51] Weighted Error Value: White=0.36/Black=0.20 (precise)} 0-1

[Event "Israeli Championship 2022"]
[Site "Yosiah Arad"]
[Date "2022.12.05"]
[Round "1.11"]
[White "Dvoirys, Semen I."]
[Black "Poleg, Matan"]
[Result "1-0"]
[ECO "B48"]
[WhiteElo "2461"]
[BlackElo "2291"]
[Annotator "TA"]
[PlyCount "55"]
[EventDate "2022.12.05"]
[EventType "swiss"]
[EventCountry "ISR"]
[SourceTitle "playchess.com"]
[Source "ChessBase"]
[SourceQuality "1"]
[TimeControl "40/5400+30:1800+30"]

1. e4 c5 2. Nf3 e6 3. d4 cxd4 4. Nxd4 Nc6 5. Nc3 Qc7 6. Be3 a6 7. Bd3 Nf6 8. Qe2 b5 9. O-O Bb7 10. f4 Nxd4 {[%emt 0:05:13] B48: Sicilian: Taimanov: 5 Nc3 Qc7 6 Be3 a6 without Be2.} 11. Bxd4 Bc5 {[%emt 0:00:07] Inhibits e5.} 12. Bxc5 Qxc5+ {[%emt 0:00:06] The position is equal.} 13. Kh1 (13. Rf2 $5 ) 13... b4 {[%emt 0:06:18] Against e5} 14. Nb1 d5 15. e5 Ne4 16. Nd2 O-O {[%emt 0:08:01][%cal Bh8f8,Bf8d8,Bd8d5][%mdl 32] [#]} 17. Nxe4 $146 ({Predecessor:} 17. a3 Rfd8 18. Nb3 Qb6 19. axb4 Qxb4 20. Na5 Ra7 21. c3 Qb6 22. Bxe4 dxe4 23. Nc4 {1-0 (49) Golubovic,B (2458)-Gostisa,L (2427) Bled 2001}) 17... dxe4 18. Bxe4 Bxe4 19. Qxe4 Rac8 20. Rac1 $36 {[%emt 0:20:52][%mdl 2048] White is pushing.} Rfd8 21. f5 Rd5 22. Rce1 (22. fxe6 {feels hotter.} fxe6 23. c4 Rxe5 24. Qb7) 22... Qxc2 23. fxe6 fxe6 (23... Qxe4 $2 24. exf7+ (24. Rxe4 fxe6 25. Rxb4 Rxe5 $11) 24... Kf8 25. Rxe4 $18) 24. Qxb4 {[%emt 0:00:00] And now Qb7 would win.} Qc5 $2 (24... Rd2 $11 {and Black stays safe.}) 25. Qb7 $18 Rf8 {[#] Prevents Qf7+.} (25... Qc7 $16 26. Qxa6 Qc6) 26. Rxf8+ $1 ({Weaker is} 26. Qxa6 Rxe5 27. a4 Rxe1 28. Rxe1 e5 29. Qe6+ Kh8 $16) 26... Qxf8 27. Qxa6 Qf5 (27... Qe7 28. a4 h6) 28. Rf1 {[%emt 0:00:00] Weighted Error Value: White=0.03 (flawless) /Black=0.45} 1-0

[Event "Israeli Championship 2022"]
[Site "Yosiah Arad"]
[Date "2022.12.05"]
[Round "1.12"]
[White "Levitan, Tal"]
[Black "Rozen, Eytan"]
[Result "1-0"]
[ECO "B51"]
[WhiteElo "2243"]
[BlackElo "2459"]
[Annotator "TA"]
[PlyCount "107"]
[EventDate "2022.12.05"]
[EventType "swiss"]
[EventCountry "ISR"]
[SourceTitle "playchess.com"]
[Source "ChessBase"]
[SourceQuality "1"]
[TimeControl "40/5400+30:1800+30"]

1. e4 c5 2. Nf3 d6 3. Bb5+ Nd7 4. a4 Ngf6 5. Nc3 g6 6. a5 {[%emt 0:02:09] B51: Sicilian: Moscow Variation (3 Bb5+) without 3...Bd7.} Bg7 7. O-O O-O 8. d3 {[%emt 0:12:58] [#] White is slightly better.} Qc7 $146 (8... a6 $5 9. Bc4 Ng4 $11) ({Predecessor:} 8... a6 9. Bc4 b5 10. axb6 Nxb6 11. Bb3 a5 12. Re1 a4 13. Ba2 Bg4 14. h3 Bxf3 15. Qxf3 {1-0 (48) Nihal,S (2652)-Matlakov,M (2674) Chess.com INT 2022}) 9. Bf4 Ne5 10. Nxe5 dxe5 11. Be3 Rd8 12. Qe2 Be6 13. Bc4 Bxc4 14. dxc4 e6 15. f3 a6 16. b3 Bf8 17. Qf2 (17. Bg5 $5 Be7 18. Bd2 $14) 17... Rd4 18. Bxd4 exd4 19. Ne2 Bh6 {[%emt 0:00:36] Threatens to win with ...Be3.} 20. Qh4 Be3+ 21. Kh1 Nh5 22. f4 Qc6 (22... Bd2 $142) 23. f5 $16 exf5 24. exf5 Re8 (24... Kg7 $16 25. c3 d3) 25. Ng3 $18 Nxg3+ 26. Qxg3 Qe4 27. fxg6 hxg6 28. Qc7 f5 29. Rf3 Qe5 30. Qxe5 Rxe5 {[%mdl 4096] Endgame KRR-KRB} 31. Re1 Re4 (31... Kg7 $142 32. Re2 Kf6) 32. g3 Kg7 33. Kg2 Bd2 {[#]} 34. Rxe4 fxe4 {KR-KB} 35. Rf1 e3 {[%cal Oe3e2] ...e2! is the strong threat.} 36. Kf3 {[%emt 0:00:30] Inhibits e2.} Bxa5 37. Ke2 Bc3 38. Rf4 b5 39. cxb5 axb5 40. Re4 Kf7 41. Kd3 Bb4 42. Re5 Kf6 43. Re8 g5 44. h3 g4 $2 (44... Bc3 45. Rc8 Bb4 46. Rc6+ Kf5) 45. hxg4 Kg5 46. Rg8+ Kf6 47. Ke2 c4 (47... Bc3 $142 48. Rb8 b4) 48. Rb8 Bd6 49. Rb6 cxb3 50. cxb3 (50. Rxd6+ Ke5 51. Rc6 Kd5 $19) 50... Ke5 51. Kd3 ({And not} 51. Rxb5+ Ke4 52. Rb6 d3+ 53. Kd1 Bxg3 54. Re6+ Kf4 $11) 51... b4 52. g5 Bf8 53. g6 (53. Rb5+ $142 Ke6 54. Rb7 Kd5 55. g6 e2 56. Kxe2 Kc6 57. Rh7 Kb6 58. g7) 53... Kf5 {[#]} 54. Rxb4 $3 {[%emt 0:00:30][%mdl 512] Weighted Error Value: White=0.06 (flawless) /Black=0.41} 1-0

[Event "Israeli Championship 2022"]
[Site "Yosiah Arad"]
[Date "2022.12.05"]
[Round "1.13"]
[White "Tzidkiya, Yeshaayahu"]
[Black "Barak, Gil"]
[Result "1-0"]
[ECO "C47"]
[WhiteElo "2444"]
[BlackElo "2147"]
[Annotator "TA"]
[PlyCount "143"]
[EventDate "2022.12.05"]
[EventType "swiss"]
[EventCountry "ISR"]
[SourceTitle "playchess.com"]
[Source "ChessBase"]
[SourceQuality "1"]
[TimeControl "40/5400+30:1800+30"]

1. e4 e5 2. Nf3 Nc6 3. g3 Nf6 4. d3 Bc5 5. Bg2 d5 6. exd5 Nxd5 7. O-O O-O 8. Nc3 Nxc3 9. bxc3 h6 {[%emt 0:07:18] C47: Scotch Four Knights and Four Knights with 4 g3.} 10. Rb1 Bb6 11. Re1 Qf6 {[%emt 0:03:36] The position is equal.} 12. h3 (12. Qe2 {with more complications.} Re8 13. Nd2 Bg4 14. Qf1) 12... Bd7 {[%emt 0:06:17] [#]} 13. Be3 $146 ({Predecessor:} 13. c4 Rfe8 14. Be3 Rad8 15. c5 Ba5 16. Nd2 Bc8 17. Qh5 Nd4 18. Bxd4 exd4 19. Rxe8+ Rxe8 {1-0 (53) Solovjov,S (2457)-Tishin,P (2513) Samara 2002}) 13... Rfe8 14. Nd2 Rad8 15. Qh5 Qf5 16. Qh4 (16. Qxf5 {simplifies} Bxf5 17. c4 Nd4 18. Bxd4 exd4 19. Nb3) 16... Qg6 17. Nc4 f6 18. a4 Be6 (18... Rb8 $11 {keeps the balance.}) 19. Bxb6 $16 axb6 20. a5 $1 Nxa5 21. Nxa5 bxa5 22. Rxb7 c5 23. Bc6 {Against c4} Rf8 24. Re7 {Inhibits c4.} Bf7 25. Be4 {Against c4. White has more active pieces.} Qg5 ({Black should play} 25... f5 26. Bg2 c4) 26. Qxg5 hxg5 27. Ra1 $36 {[%mdl 2048] Keeping Black busy.} Rfe8 28. Rxe8+ Rxe8 29. Rxa5 {[%mdl 4096] Endgame KRB-KRB} c4 30. Rc5 Be6 31. Kg2 (31. dxc4 Bxh3 32. f3 Be6 $14) 31... cxd3 32. cxd3 Rc8 (32... Re7 $16 33. g4 Kf7) 33. Rxc8+ $18 Bxc8 {[%emt 0:00:30] KB-KB} 34. g4 (34. h4 $18) 34... Kf7 $16 35. Kf3 Ke7 36. Ke3 Kd6 37. d4 Ba6 38. Bd3 Bb7 39. Bf1 Bc8 40. c4 exd4+ 41. Kxd4 Bb7 42. c5+ Kc7 43. Bd3 Bc6 44. Be4 {And now Bxc6 would win.} Bb5 45. Bg2 Ba4 46. Ke3 {aiming for f4.} Bd7 47. Bd5 Ba4 $2 {[%emt 0:00:30][%mdl 8192] [#]} (47... Kd8 $16 48. Ke4 Ke7) 48. f4 $1 $18 gxf4+ 49. Kxf4 Bc2 50. Be4 Bb3 51. Kf5 {Kg6 would kill now.} Bf7 52. h4 {Strongly threatening g5.} Be8 $2 (52... Kd7 53. g5 fxg5) 53. Bf3 $2 (53. Bd5 Kd7 54. c6+ Ke7 55. c7 Bd7+ 56. Kg6) 53... Bf7 54. h5 (54. Bg2 $18 {has better winning chances.}) 54... Kd7 $16 55. Be4 Kc7 56. h6 gxh6 57. Kxf6 Bc4 58. Bf3 {Intending Kg6 and mate.} Bb3 $2 (58... Bb5 $16) 59. Kg6 {White mates.} Be6 {[%emt 0:00:30] [#]} 60. Kh5 $1 (60. Kxh6 Bxg4 61. Bxg4 Kc6 $11) 60... Bd7 61. Be4 (61. Kxh6 Bxg4 62. Bxg4 Kc6 $11) 61... Be6 62. Bf5 (62. Kxh6 Bxg4 63. Kh7 Bh5 $11) 62... Bd5 63. Kxh6 Kc6 64. g5 Kxc5 65. g6 Kd6 66. Kh7 Ke5 67. Bb1 Kf6 68. g7 Bc4 69. Kh8 ({Worse is} 69. g8=Q Bxg8+ $11) 69... Bf7 70. Bh7 ({Inferior is} 70. g8=R Bxg8 $11) 70... Bb3 71. Bg8 ({Weaker is} 71. g8=B Bxg8 $11) 71... Bc2 72. Ba2 {Weighted Error Value: White=0.23 (precise) /Black=0.25 (precise)} 1-0

[Event "Israeli Championship 2022"]
[Site "Yosiah Arad"]
[Date "2022.12.05"]
[Round "1.14"]
[White "Sitbon, Itay"]
[Black "Bronstein, Or"]
[Result "1/2-1/2"]
[ECO "E07"]
[WhiteElo "2092"]
[BlackElo "2442"]
[Annotator "TA"]
[PlyCount "69"]
[EventDate "2022.12.05"]
[EventType "swiss"]
[EventCountry "ISR"]
[SourceTitle "playchess.com"]
[Source "ChessBase"]
[SourceQuality "1"]
[TimeControl "40/5400+30:1800+30"]

1. d4 Nf6 2. c4 e6 3. Nf3 d5 4. g3 Bb4+ 5. Bd2 Be7 6. Bg2 O-O 7. O-O c6 8. Bf4 Nbd7 9. Nc3 dxc4 10. e4 Re8 11. a4 {[%emt 0:15:02] The old main line.} a5 {[%emt 0:00:44] [#]} 12. d5 $146 {[%emt 0:05:04] E07: Closed Catalan: Main Line (5 Nf3 0-0 6 0-0 Nbd7).} ({Predecessor (3):} 12. Re1 Bb4 13. Qe2 b5 14. Bg5 h6 15. Bh4 Qb6 16. g4 e5 17. Bxf6 Nxf6 18. Nxe5 Rxe5 19. dxe5 Nxg4 20. axb5 Nxf2 {1-0 (38) Salem,A (2677)-Deac,B (2700) Chess.com INT 2022}) 12... exd5 13. exd5 {[%emt 0:00:13] The position is equal.} Nxd5 (13... Bf8 {simplifies} 14. dxc6 bxc6 15. Nd4 Qb6) 14. Nxd5 cxd5 15. Qxd5 Nc5 16. Qxc4 Be6 17. Qb5 Bd7 18. Qc4 Be6 19. Qb5 Qd3 20. Qxd3 Nxd3 21. Be3 Bf6 22. Nd4 Bc4 23. Bxb7 Rab8 24. Bg2 Rxb2 25. Rfb1 h5 26. Rxb2 Nxb2 27. Rc1 Bd3 28. Nc6 Nxa4 29. Nxa5 Nc3 {[%emt 0:00:30] [#] aiming for ...Ne2+.} 30. Kh1 g5 31. h3 Ne2 32. Rc6 Kg7 {[%emt 0:00:30][%cal Oe2g3] White must now prevent ...Nxg3+!} 33. Kh2 g4 34. Rd6 Rd8 35. Nb7 {An interesting draw.   Weighted Error Value: White=0.03 (flawless) /Black=0.03 (flawless)} 1/2-1/2

[Event "Israeli Championship 2022"]
[Site "Yosiah Arad"]
[Date "2022.12.05"]
[Round "1.15"]
[White "Sokolovsky, Yahli"]
[Black "Uritsky, Yonathan"]
[Result "1-0"]
[ECO "B10"]
[WhiteElo "2414"]
[BlackElo "2216"]
[Annotator "TA"]
[PlyCount "53"]
[EventDate "2022.12.05"]
[EventType "swiss"]
[EventCountry "ISR"]
[SourceTitle "playchess.com"]
[Source "ChessBase"]
[SourceQuality "1"]
[TimeControl "40/5400+30:1800+30"]

1. e4 c6 2. Nf3 d5 3. d3 g6 4. e5 d4 5. c3 c5 {[%emt 0:03:59] [#]} 6. b4 $146 {[%emt 0:07:13] B10: Caro-Kann: 2 d3 and 2 c4.} ({Predecessor:} 6. cxd4 cxd4 7. Bf4 Nc6 8. Nbd2 Bh6 9. Bg3 Bg7 10. Be2 Nh6 11. O-O Nf5 12. Bf4 {1-0 (62) Giri,A (2769)-Mamedyarov,S (2772) Moscow 2019}) 6... cxb4 7. cxd4 ({White should play} 7. Qa4+ $11 Bd7 8. Qxb4) 7... Nc6 $15 8. Bb2 {[%emt 0:01:45][%cal Oe5e6] Black is slightly better.} Be6 9. Nbd2 Bg7 10. Be2 Nh6 11. Ng5 ({White should try} 11. a3 $15) 11... Nxd4 12. Nxe6 fxe6 13. Nf3 Nhf5 14. O-O O-O 15. Rc1 Qb6 16. Rc4 Rad8 17. Nxd4 Nxd4 18. Bg4 Kh8 19. Qd2 Nc6 20. h4 Qa6 {...Qxc4 is the strong threat.} (20... Bxe5 $2 21. Rxc6 $1 (21. Bxe6 Bxb2 22. Qxb2+ Rf6 $17) 21... Qxc6 22. Bxe5+ Kg8 23. Qh6 $18) (20... b3 {keeps more tension.} 21. axb3 Qxb3 22. Bxe6 Bxe5 23. d4 Qb6) 21. Qe2 Qb5 (21... Qxa2 {with more complications.} 22. Ra1 Qb3 23. d4 Rf5) 22. Bxe6 Nxe5 23. Rc7 {[%emt 0:00:30] Threatens to win with Bc4.} Qxd3 {[%mdl 8192] [#]} (23... Rxd3 $2 24. Rfc1 Rd5 25. Qxb5 Rxb5 26. Rc8 $18 (26. Rxe7 Nf3+ 27. gxf3 Bxb2 $11)) (23... Nc6 $11) 24. Qxe5 $1 $18 {[%emt 0:00:30] White is clearly winning.} Bxe5 25. Bxe5+ {[%emt 0:00:30] A strong pair of Bishops.} Rf6 {Strongly threatening ...Qe4.} 26. Rxe7 Rdf8 27. Rc1 {[%emt 0:00:30] Weighted Error Value: White=0.13 (very precise) /Black=0.42} ({Worse is} 27. Bxf6+ Rxf6 28. Rc1 Rf8 $11) 1-0

[Event "Israeli Championship 2022"]
[Site "Yosiah Arad"]
[Date "2022.12.05"]
[Round "1.16"]
[White "Shimshovich, Asaf"]
[Black "Zemach, Nadav"]
[Result "0-1"]
[ECO "D11"]
[WhiteElo "1941"]
[BlackElo "2402"]
[Annotator "TA"]
[PlyCount "144"]
[EventDate "2022.12.05"]
[EventType "swiss"]
[EventCountry "ISR"]
[SourceTitle "playchess.com"]
[Source "ChessBase"]
[SourceQuality "1"]
[TimeControl "40/5400+30:1800+30"]

1. d4 d5 2. c4 c6 3. Nf3 Nf6 4. g3 Bg4 5. Bg2 e6 6. Qb3 {[%emt 0:02:23] D11: Slav Defence: 3 Nf3 sidelines and 3...Nf6 4 e3 Bg4.} Qb6 7. c5 Qa6 8. h3 {[%emt 0:02:02] Prevents b6. The position is equal.} Bh5 {[%emt 0:02:22] [#]} (8... Bxf3 $15 9. Qxf3 b6) 9. g4 $146 ({Predecessor:} 9. Nc3 b6 10. cxb6 axb6 11. g4 Bg6 12. Ne5 Nfd7 13. Nxg6 hxg6 14. O-O Nf6 15. g5 {0-1 (40) Truskavetsky,A (2399)-Makhmutov,R (2442) Sochi 2020}) 9... Bg6 10. Ne5 Nbd7 {[%emt 0:01:23] And now ...Nxe5 would win.} 11. Nxg6 hxg6 12. Bf4 {[%emt 0:05:10] Against e5} ({White should try} 12. Qc2 $11) 12... b6 (12... e5 $5 13. dxe5 Nxc5 $15) 13. cxb6 $1 axb6 14. Nd2 Be7 (14... c5 $5 ) 15. e4 Rc8 (15... O-O $17) 16. e5 $11 Nh7 17. Bf1 Qa5 18. a3 c5 19. Rc1 c4 20. Qc3 Qxc3 21. Rxc3 b5 22. Be2 Nb6 23. O-O Nf8 24. Kg2 Nfd7 25. Ra1 Nb8 26. Nf3 Nc6 27. Rc2 Kd7 28. Bd2 Ra8 29. Rcc1 Ra7 30. Bc3 (30. Bd1 $17) 30... Rb8 (30... Na4 $19 {...Nxc3 is the strong threat.} 31. Rab1 Nxc3 32. Rxc3 Rb8) 31. Bd1 (31. Bd2 $17 {might work better.}) 31... Na4 $19 32. Bxa4 Rxa4 (32... bxa4 $142 33. h4 Rab7) 33. Ne1 f6 {[%emt 0:00:30] Black is much more active. The white rooks are badly placed.} 34. f4 g5 35. exf6 Bxf6 36. Nf3 gxf4 37. g5 (37. h4 $17) 37... Be7 38. Re1 Bd6 39. Bd2 (39. h4 {keeps fighting.}) 39... Rf8 40. Re2 $2 (40. h4) 40... b4 41. Rb1 bxa3 42. bxa3 Rb8 {[%emt 0:00:30] Against Rb7+} 43. Rxb8 Bxb8 44. Bc1 Bd6 45. h4 g6 (45... Bxa3 46. Ra2 Bxc1 47. Rxa4 $15) 46. Rb2 Ra7 {[%emt 0:00:30] Prevents Rb7+.} (46... Bxa3 47. Ra2 Bxc1 48. Rxa4 $19) 47. Rb5 Kc8 48. Kh3 Bxa3 49. Bxf4 c3 $2 (49... Kd7 $19 {White must now prevent ...Bd6.} 50. Kg4 Bd6) 50. Rb6 {White does not recover from this.} (50. h5 $1 $15 c2 51. hxg6) 50... Kd7 51. Rb3 $2 (51. h5 gxh5 52. Rb3) 51... c2 52. Rc3 Bb4 53. Rxc2 Ra3 $1 54. Rf2 Nxd4 55. Kg4 Nxf3 56. Rxf3 Rxf3 57. Kxf3 {[%mdl 4096] Endgame KB-KB} Bc3 {[%emt 0:00:30] Threatens to win with ...e5.} 58. Bg3 e5 59. Kg4 Ke6 {[%emt 0:00:30] Black mates.} 60. h5 gxh5+ 61. Kxh5 Kf5 62. g6 {[#]} e4 $1 63. Kh6 e3 64. Be1 Be5 ({And not} 64... Bxe1 65. g7 e2 66. g8=Q $11) 65. Bg3 Bf6 ({Not} 65... Bxg3 66. g7 e2 67. g8=Q $15) 66. Bh4 e2 (66... Bxh4 67. g7 e2 68. g8=Q $15) 67. g7 Bxg7+ ({Weaker is} 67... Bxh4 68. g8=Q e1=Q 69. Qxd5+ Kg4 70. Kh7 $15) 68. Kxg7 d4 69. Be1 Ke4 70. Kf6 {[#]} Ke3 $1 71. Bb4 d3 72. Bc5+ Kd2 {[%emt 0:00:30] Weighted Error Value: White=0.57/Black=0.22 (precise)} 0-1

[Event "Israeli Championship 2022"]
[Site "Yosiah Arad"]
[Date "2022.12.06"]
[Round "2.1"]
[White "Gorshtein, Ido"]
[Black "Nabaty, Tamir"]
[Result "1-0"]
[ECO "D11"]
[WhiteElo "2469"]
[BlackElo "2629"]
[Annotator "TA"]
[PlyCount "117"]
[EventDate "2022.12.05"]
[EventType "swiss"]
[EventCountry "ISR"]
[SourceTitle "playchess.com"]
[Source "ChessBase"]
[SourceQuality "1"]
[TimeControl "40/5400+30:1800+30"]

1. c4 e6 2. Nf3 d5 3. d4 dxc4 4. e3 b5 5. a4 c6 6. b3 Bb4+ 7. Bd2 Bxd2+ 8. Nfxd2 Ne7 {[%emt 0:00:16][%cal Oe6e5] D11: Slav Defence: 3 Nf3 sidelines and 3...Nf6 4 e3 Bg4.} 9. bxc4 b4 10. c5 O-O {[%emt 0:00:57][%cal Oe6e5] The position is equal.} 11. Nc4 {[%emt 0:04:18] Inhibits e5.} Nd7 {[%emt 0:00:42][%cal Oe6e5] [#]} 12. Nbd2 $146 ({Predecessor:} 12. f4 Ba6 13. Nbd2 Rb8 14. Qb3 Nf6 15. Ne5 Bxf1 16. Rxf1 Nfd5 17. Ndc4 Nc3 18. Nd6 Ned5 19. g3 Nxe3 20. Nxc6 Qc7 {½-½ (20) Postny,E (2617)-Khenkin,I (2546) Germany 2018}) 12... e5 {[%emt 0:02:43] Threatening ...exd4.} 13. Nd6 exd4 14. exd4 Nd5 15. Bc4 Qe7+ (15... N7b6 $5 ) 16. Qe2 Qf6 {[%emt 0:03:12] ...Nxc5 is the strong threat.} 17. Nb3 {[%emt 0:16:08] [#]} N7b6 $1 18. Ne4 $11 Qg6 19. cxb6 {[%emt 0:01:09][%cal Bc5b6,Bb6b7][%mdl 32] Threatens to win with b7!} Nf4 {[%emt 0:01:54] Inhibits b7.} (19... f5 $1 $14) 20. Qf3 (20. b7 {feels hotter.} Bxb7 21. Qf3 Nxg2+ 22. Kf1) 20... Re8 $2 {[%emt 0:04:02] [#]} (20... Nxg2+ $16 {was worth a try.} 21. Kd2 (21. Kf1 Nh4 $14) 21... Nh4) 21. O-O Rxe4 $16 22. Rae1 $36 {[%emt 0:02:02][%mdl 2048] White has strong initiative.} Bf5 {[%emt 0:02:06] [#] Black cannot hold the game after this.} (22... Nh3+ $16 23. Kh1 Ng5 24. Rxe4 Qxe4) 23. b7 $1 $18 Rf8 24. Qg3 Qd6 25. Re3 {[%emt 0:00:08] aiming for Rfe1.} Rxe3 26. fxe3 {[%emt 0:01:56] The board is on fire.} Be6 27. Qxf4 Qxf4 28. Rxf4 {[%emt 0:00:02] Strongly threatening Bxe6.} (28. exf4 Bxc4 29. Rb1 Rb8 $16) 28... Bxc4 {[%emt 0:00:06][%mdl 4096] Endgame KRB-KRN} 29. Na5 Ba6 30. Rf2 ({Weaker is} 30. Nxc6 Bxb7 31. d5 (31. Nxa7 Rb8 $15) (31. Nxb4 Rc8 $14) 31... a5 $14) 30... Rb8 31. Rb2 ({Less strong is} 31. Nxc6 Rxb7 32. Rb2 b3 $14) 31... Kf8 (31... Bxb7 $2 32. Rxb4 Kf8 33. Rxb7 $18) 32. Rxb4 ({Not} 32. Nxc6 Rxb7 33. Rxb4 Rxb4 34. Nxb4 Bb7 $16) 32... Ke8 33. Nxc6 Rxb7 34. Rxb7 Bxb7 35. Nxa7 {[%emt 0:00:05] KB-KN} Kd7 36. Nb5 Kc6 37. Kf2 f5 38. h3 g5 39. g4 fxg4 40. hxg4 Kb6 41. Nd6 Bd5 {[%emt 0:30:06] Inhibits a5+.} 42. e4 Bb3 43. d5 Bxa4 44. Nf7 {[%emt 0:00:22] White mates.} Kc5 45. Ke3 Bd1 46. Nxg5 Bxg4 47. Nxh7 Bc8 48. Nf6 Bh3 49. Nh5 Bc8 50. Nf4 Kc4 51. Nd3 Bh3 52. d6 Kb5 53. Kd4 Kc6 54. e5 Bg4 55. Nb4+ Kd7 56. Kc5 Ke6 57. Nc6 Kd7 58. Nd4 Bh3 59. e6+ {[%emt 0:00:00] Weighted Error Value: White=0.20 (precise) /Black=0.38} 1-0